 Dungeon Crawl Stone Soup version 0.31-a0-981-geadf994542 (webtiles) character file.

Game seed: 16052790766042969442

1689 IdlyInterested the Fighter (level 8, -1/71 HPs)
             Began as a Demonspawn Fighter on Oct 31, 2023.
             Slain by an orc warrior
             ... wielding a +0 halberd
              (10 damage)
             ... on level 6 of the Dungeon.
             The game lasted 00:18:23 (5509 turns).

IdlyInterested the Fighter (Demonspawn Fighter)     Turns: 5509, Time: 00:18:24

Health: -1/71      AC: 19    Str: 16 (18) XL:     8   Next: 72%
Magic:  8/8        EV:  6    Int:  7 (10) God:
Gold:   203        SH:  9    Dex: 12 (13) Spells: 7/7 levels left

rFire   . . .        N - +2 dagger (venom)
rCold   . . .        A - +0 kite shield
rNeg    . . .        t - +0 chain mail
rPois   .            y - +2 helmet
rElec   .            H - scarf {repulsion}
rCorr   .            v - +0 pair of gloves
SInv    .            (no boots)
Will    +....        (no amulet) Stlth
                     (no ring)
HPRegen 0.31/turn    (no ring)
MPRegen 0.22/turn

%: repel missiles
@: sanguine armoured
A: hooves 1, magic regeneration, sanguine armour 1, strong-willed 1, subdued
magic 1
a: no special abilities


You were on level 6 of the Dungeon.
You visited 1 branch of the dungeon, and saw 6 of its levels.

You collected 203 gold pieces.

Inventory:

Hand Weapons
 i - a +0 flail
 p - a +0 spear
 x - a +7 heavy spear
 D - a +0 short sword
 N - a +2 dagger of venom (weapon)
 O - a +0 war axe
 T - a +0 long sword
 V - a +4 dagger of speed
Missiles
 g - 45 stones (quivered)
 E - 3 boomerangs
 G - 4 poisoned darts
 P - 5 javelins
Armour
 a - a +0 scale mail
 b - a +1 buckler
 d - a +0 leather armour
 f - a +0 robe
 t - a +0 chain mail (worn)
 v - a +0 pair of gloves (worn)
 y - a +2 helmet (worn)
 z - a +0 ring mail
 A - a +0 kite shield (worn)
 H - a scarf of repulsion (worn)
Magical Staves
 J - a staff of conjuration
 S - a staff of death
Wands
 K - a wand of roots (11)
 U - a wand of mindburst (22)
Scrolls
 e - 3 scrolls of vulnerability
 h - 2 scrolls of teleportation
 k - a scroll of butterflies
 l - a scroll of amnesia
 n - a scroll of fear
 r - 2 scrolls of torment
 s - 3 scrolls of enchant armour
 u - a scroll of silence
 w - 2 scrolls of poison
 F - a scroll of blinking
 L - 2 scrolls of identify
Potions
 c - a potion of might
 j - a potion of mutation
 m - a potion of resistance {unknown}
 o - a potion of berserk rage {unknown}
 q - a potion of brilliance
 B - a potion of lignification {unknown}
 C - a potion of ambrosia {unknown}
 I - 3 potions of attraction
 M - a potion of heal wounds {unknown}
 Q - a potion of cancellation {unknown}


   Skills:
 + Level 9.5 Fighting
 - Level 2.0 Throwing
 - Level 3.0 Armour
 - Level 2.0 Dodging
 - Level 2.0 Stealth
 * Level 4.7 Shields
 - Level 1.7 Unarmed Combat
 - Level 2.0 Evocations


You had 7 spell levels left.
You didn't know any spells.
Your spell library contained the following spells:

 Spells                   Type           Power      Damage    Failure   Level
 Apportation              Tloc           0%         N/A       100%        1
 Kiss of Death            Conj/Necr      0%         2d5       100%        1
 Necrotise                Necr           0%         1d4       100%        1
 Summon Small Mammal      Summ           0%         N/A       100%        1
 Ensorcelled Hibernation  Hex/Ice        0%         N/A       100%        2
 Passwall                 Tmut/Erth      0%         N/A       100%        2
 Confusing Touch          Hex            0%         N/A       100%        3
 Swiftness                Air            0%         N/A       100%        3
 Dispel Undead            Necr           0%         3d6       100%        4


Dungeon Overview and Level Annotations

Branches:
Dungeon (6/15)
 Temple: D:4-7

Altars:
Trog
Wu Jian
Xom
Yredelemnul

Shops:
D:6 (


Innate Abilities, Weirdness & Mutations

You have large cloven feet.
You regenerate magic rapidly.
When seriously injured, your blood forms armour. (AC +6)
You are strong-willed. (Will+)
Your spells are a little easier to cast, but a little less powerful.


Message History

You feel a bit more experienced. The orc warrior barely misses you.
The orc warrior hits you but does no damage.
Things that are here:
a +0 dagger; a +0 robe; an orc corpse You hit the orc warrior but do no damage.
The orc warrior is poisoned.
You kick the orc warrior, but do no damage.
The orc warrior is moderately wounded.
The orc warrior hits you but does no damage.
You hit the orc warrior.
The orc warrior is heavily wounded.
The orc warrior hits you but does no damage.
The orc warrior completely misses you.
You hit the orc warrior but do no damage.
You kick the orc warrior, but do no damage.
The orc warrior is heavily wounded.
The orc warrior hits you with a +0 halberd!
You hit the orc warrior but do no damage.
The orc warrior looks as sick as possible!
Your kick misses the orc warrior.
The orc warrior is severely wounded.
You block the orc warrior's attack.
You barely miss the orc warrior.
The orc warrior is severely wounded.
The orc warrior hits you with a +0 halberd!
* * * LOW HITPOINT WARNING * * *
You hit the orc warrior but do no damage.
The orc warrior looks as sick as possible!
The orc warrior is severely wounded.
The orc warrior closely misses you.
You hit the orc warrior but do no damage.
The orc warrior looks as sick as possible!
You kick the orc warrior, but do no damage.
The orc warrior is severely wounded.
The orc warrior hits you with a +0 halberd!
* * * LOW HITPOINT WARNING * * *
You barely miss the orc warrior.
The orc warrior is almost dead.
The orc warrior hits you with a +0 halberd!
You die...

### #.# ..# #.#
#.# #.# ### #@#
.....##o####
.....>.)...#
.....#.###.#######
.... #.###........
###
#....#######.##
####.## ..#####
#..##### #.##...
##.....###......


You could see an orc warrior (extremely poisoned).

Vanquished Creatures
  The ghost of wireframewife the Frost Mage, a novice BaIE (D:5)
  Eustachio (D:4)
  An ice beast (D:5)
  2 black bears
  An ogre (D:4)
  A phantom (D:5)
  2 centaurs (D:6)
  A gnoll sergeant (D:6)
  A wyvern zombie (D:5)
  A hound (D:4)
  An orc priest (D:6)
  A sleepcap (D:6)
  Terence (D:2)
  A scorpion zombie (D:5)
  4 orc wizards (D:6)
  7 gnolls
  4 adders
  A worm (D:3)
  A dart slug (D:4)
  16 orcs
  7 bats
  14 endoplasms
  2 giant cockroaches
  4 goblins
  8 hobgoblins
  3 quokkas
  7 ball pythons
  3 frilled lizards
  4 kobolds
  3 rats
104 creatures vanquished.

Notes
Turn   | Place    | Note
-------+----------+-------------------------------------------
     0 | D:1      | IdlyInterested the Demonspawn Fighter began the quest for
                  | the Orb.
     0 | D:1      | Reached XP level 1. HP: 18/18 MP: 1/1
   231 | D:1      | Gained mutation: When seriously injured, your blood forms
                  | armour. (AC +6) [demonic ancestry]
   231 | D:1      | Reached XP level 2. HP: 22/24 MP: 2/2
   350 | D:1      | Reached skill level 1 in Throwing
   923 | D:2      | Reached XP level 3. HP: 29/29 MP: 3/3
   994 | D:2      | Reached skill level 1 in Dodging
  1119 | D:2      | Noticed Terence
  1137 | D:2      | Killed Terence
  1138 | D:2      | Reached skill level 4 in Fighting
  1138 | D:2      | Reached skill level 1 in Stealth
  1224 | D:2      | Gained mutation: You have large cloven feet. [demonic
                  | ancestry]
  1224 | D:2      | Reached XP level 4. HP: 37/37 MP: 4/4
  1919 | D:3      | Reached skill level 1 in Evocations
  2174 | D:3      | Noticed a black bear
  2185 | D:3      | Killed a black bear
  2186 | D:3      | Reached XP level 5. HP: 43/43 MP: 5/5
  2563 | D:4      | Noticed an ogre
  2578 | D:4      | Killed an ogre
  2579 | D:4      | Reached skill level 5 in Fighting
  2579 | D:4      | Reached XP level 6. HP: 25/51 MP: 6/6
  2761 | D:4      | Noticed Eustachio
  2786 | D:4      | Killed Eustachio
  2895 | D:4      | Reached skill level 6 in Fighting
  2963 | D:4      | Found a shimmering altar of Xom.
  3361 | D:4      | Gained mutation: You regenerate magic rapidly. [demonic
                  | ancestry]
  3361 | D:4      | Reached XP level 7. HP: 58/58 MP: 7/7
  3564 | D:5      | Entered Level 5 of the Dungeon
  4131 | D:5      | Found a runed translucent gate.
  4131 | D:5      | Found a runed translucent gate.
  4131 | D:5      | Found a runed translucent gate.
  4131 | D:5      | Noticed wireframewife's ghost (novice BaIE)
  4133 | D:5      | Found a basalt altar of Yredelemnul.
  4161 | D:5      | Reached skill level 7 in Fighting
  4499 | D:5      | Found an ornate altar of the Wu Jian Council.
  4598 | D:5      | Killed wireframewife's ghost
  4599 | D:5      | Reached skill level 8 in Fighting
  4599 | D:5      | Reached XP level 8. HP: 7/70 MP: 8/8
  4972 | D:6      | Found Bublihah's Antique Weapon Shop.
  5039 | D:6      | Reached skill level 9 in Fighting
  5390 | D:6      | Gained mutation: Your spells are a little easier to cast,
                  | but a little less powerful. [potion of mutation]
  5390 | D:6      | Gained mutation: You are strong-willed. (Will+) [potion of
                  | mutation]
  5414 | D:6      | Found a bloodstained altar of Trog.
  5509 | D:6      | Slain by an orc warrior

Illustrated notes

Levels and vault maps discovered:
D:1:      erik_arrival_blinker_ship, layout_rooms
D:2:      layout_loops_ring, uniq_terence
D:3:      layout_loops_ring
D:4:      layout_basic, mainiacjoe_overflow_cross_hatched, uniq_eustachio
D:5:      layout_loops_ring, nzn_wu_jian_council_hall,
          nicolae_yredelemnul_ghost_church
D:6:      layout_basic, trog_three_pillars_becter, grunt_ashenzari_visionary
          [grunt_ashenzari_visionary_swamp, grunt_ashenzari_visionary_snake],
          serial_shops, nicolae_stop_n_shop_1, minmay_curled_crystal,
          columned_hall_lemuel

Skill      XL: |  1  2  3  4  5  6  7  8 |
---------------+-------------------------+-----
Armour         | 3 |  3.0
Throwing       | 1 2 |  2.0
Dodging        | 1 2 |  2.0
Fighting       | 4 5 6 8 9 |  9.5
Stealth        | 1 2 |  2.0
Evocations     | 1 2 |  2.0
Shields        | 3 4 |  4.7
Unarmed Combat | |  1.7

Action                     |  1- 3 |  4- 6 |  7- 9 || total
---------------------------+-------+-------+-------++-------
  Melee: Unarmed           |   161 |    97 |       ||   258
         Kick              |       |    63 |    75 ||   138
         Dagger            |       |    53 |   212 ||   265
         Flail             |       |       |    13 ||    13
  Throw: Dart              |     4 |     8 |     4 ||    16
         Stone             |     1 |     1 |     9 ||    11
         Javelin           |       |       |     1 ||     1
  Evoke: Wand              |       |     1 |       ||     1
    Use: Scroll            |     1 |     9 |     1 ||    11
         Potion            |       |     4 |     5 ||     9
 Armour: Scale mail        |    93 |       |       ||    93
         Chain mail        |    28 |    87 |   189 ||   304
  Dodge: Dodged            |    62 |    52 |    65 ||   179
  Block: Buckler           |    48 |    33 |    38 ||   119
         Kite shield       |       |       |    14 ||    14

Table legend: (Time is in decaauts)
 A = Elapsed time spent in this place.
 B = Non-inter-level travel time spent in this place.
 C = Inter-level travel time spent in this place.
 D = Time resting spent in this place.
 E = Time spent auto-exploring this place.
 F = Levels seen in this place.
 G = Mean time per level.
                   A        B        C        D        E       F      G
               +--------+--------+--------+--------+--------+-----+--------+
         Total |   5486 |   4878 |    608 |   1083 |   2322 |   6 |  914.3 |
       Dungeon |   5486 |   4878 |    608 |   1083 |   2322 |   6 |  914.3 |
               +--------+--------+--------+--------+--------+-----+--------+

Top non-repeatable levels by time:
     D:5: 1368 daAuts
     D:4: 1051 daAuts
     D:2: 910 daAuts
     D:3: 869 daAuts
     D:1: 797 daAuts
     D:6: 489 daAuts
